 Dungeon Crawl Stone Soup version 0.27.1 (webtiles) character file.

Game seed: 6972857776414915603

482 Thatpatchoflichen the Skirmisher (level 6, 0/56 HPs)
             Began as a Minotaur Fighter on Aug 26, 2021.
             Slain by a kobold brigand (2 damage)
             ... in a sewer.
             The game lasted 00:11:06 (3371 turns).

Thatpatchoflichen the Skirmisher (Minotaur Fighter) Turns: 3371, Time: 00:11:07

Health: 0/56       AC:  7    Str: 21    XL:     6   Next: 87%
Magic:  5/5        EV:  9    Int:  5    God:
Gold:   152        SH: 10    Dex: 11    Spells: 5/5 levels left

rFire    x . .     SeeInvis .   r - +2 long sword (holy)
rCold    + . .     Faith    +   c - +0 kite shield
rNeg     + . .     Spirit   .   b - +0 scale mail
rPois    .         Reflect  .   (helmet restricted)
rElec    .         Harm     .   (no cloak)
rCorr    .         Rampage  .   (no gloves)
Will     .....                  (no boots)
Stlth    ..........             j - amulet of faith
HPRegen  0.18/turn              k - ring of positive energy
MPRegen  0.09/turn              n - ring of ice

@: studying Crossbows, very slow
A: horns 2, retaliatory headbutt
a: no special abilities


You were in a sewer.
You visited 1 branch of the dungeon, and saw 5 of its levels.
You also visited: Sewer.

You collected 152 gold pieces.

Inventory:

Hand Weapons
 a - a +0 trident
 r - a +2 long sword of holy wrath (weapon)
 t - a +1 antimagic dagger
Missiles
 f - 39 stones (quivered)
 i - 67 arrows
 o - 12 sling bullets
 B - 8 poisoned darts
Armour
 b - a +0 scale mail (worn)
 c - a +0 kite shield (worn)
 m - a +0 chain mail
 u - a +0 chain mail
Jewellery
 j - an amulet of faith (around neck)
 k - a ring of positive energy (left hand)
 n - a ring of ice (right hand)
Scrolls
 e - 3 scrolls of identify {unknown}
 p - 3 scrolls of teleportation {unknown}
 q - a scroll of immolation
 v - a scroll of vulnerability {unknown}
 w - 2 scrolls of amnesia {unknown}
 y - a scroll of blinking {unknown}
 z - a scroll of enchant weapon {unknown}
 A - a scroll of brand weapon {unknown}
 D - a scroll of summoning {unknown}
Potions
 d - a potion of might
 g - a potion of resistance {unknown}
 h - a potion of haste
 l - a potion of cancellation {unknown}
 s - a potion of brilliance {unknown}
 x - 2 potions of curing {unknown}
 C - a potion of magic {unknown}


   Skills:
 + Level 5.4 Fighting
 - Level 2.4 Polearms
 + Level 5.4 Armour
 * Level 4.3 Dodging
 + Level 5.4 Shields


You had 5 spell levels left.
You didn't know any spells.
Your spell library was empty.

Dungeon Overview and Level Annotations

Branches:
Dungeon (5/15)              Sewer (1/1)
 Temple: D:4-7

Altars:
Ashenzari
Fedhas

Annotations:
D:3 1 runed translucent door, bronco's ghost, amateur HuFi


Innate Abilities, Weirdness & Mutations

You have a pair of horns on your head.
You reflexively headbutt those who attack you in melee.


Message History

The kobold brigand splashes around in the water.
Your unstable footing causes you to fumble your attack.
You block the kobold brigand's attack.
Your unstable footing causes you to fumble your attack.
The kobold brigand hits you with a +0 short sword.
The kobold brigand hits you with a +0 short sword!
* * * LOW HITPOINT WARNING * * *
Your unstable footing causes you to fumble your attack.
The kobold brigand hits you but does no damage.
The kobold brigand splashes around in the water.
You hit the kobold brigand.
The kobold brigand is moderately wounded.
The kobold brigand splashes around in the water.
Your unstable footing causes you to fumble your attack.
The kobold brigand splashes around in the water.
The kobold brigand hits you with a +0 short sword.
* * * LOW HITPOINT WARNING * * *
You hit the kobold brigand.
The kobold brigand is heavily wounded.
The kobold brigand completely misses you.
Your unstable footing causes you to fumble your attack.
The kobold brigand splashes around in the water.
You block the kobold brigand's attack.
You closely miss the kobold brigand.
The kobold brigand is heavily wounded.
The kobold brigand splashes around in the water.
The kobold brigand hits you with a +0 short sword!
* * * LOW HITPOINT WARNING * * *
You completely miss the kobold brigand.
The kobold brigand is heavily wounded.
The kobold brigand hits you with a +0 short sword.
* * * LOW HITPOINT WARNING * * *
Your unstable footing causes you to fumble your attack.
The kobold brigand splashes around in the water.
The kobold brigand hits you with a +0 short sword.
* * * LOW HITPOINT WARNING * * *
You barely miss the kobold brigand.
The kobold brigand is heavily wounded.
The kobold brigand hits you with a +0 short sword.
You die...

#.≈≈##
##.≈≈#
#.≈.#
#.≈.#
#≈≈.#
#≈..#
##≈≈≈##
##≈≈≈#
#.≈≈≈≈#
#≈.≈≈.
#≈###≈#
#≈###≈
#.# #≈#
#≈# #≈
##≈###.##
##†###≈
#≈@≈#≈†≈#
#≈≈≈#≈.
#K#≈#≈#≈#
#≈#≈#≈#
#≈ ≈#≈#≈#
#≈#≈#≈#
#≈ ≈#≈#≈#
#≈#≈#≈#
#. .#.#.#
#.#.#.#
## ######
#######


You could see a kobold brigand.

Vanquished Creatures
  2 necrophages (D:5)
  A centaur (D:5)
  A kobold brigand (Sewer)
  A jelly (D:2)
  4 adders
  A river rat (Sewer)
  5 worms
  A dart slug (D:1)
  An orc (D:4)
  3 ball pythons
  14 endoplasms
  4 giant cockroaches
  2 goblins
  2 hobgoblins
  4 jackals
  4 quokkas
  7 bats
  10 kobolds
  2 rats
69 creatures vanquished.

Vanquished Creatures (others)
  5 fungi (D:2)
  2 plants (D:1)
  7 toadstools (D:2)
14 creatures vanquished.

Grand Total: 83 creatures vanquished

Notes
Turn   | Place    | Note
-------+----------+-------------------------------------------
     0 | D:1      | Thatpatchoflichen the Minotaur Fighter began the quest for
                  | the Orb.
     0 | D:1      | Reached XP level 1. HP: 19/19 MP: 0/0
   361 | D:1      | Reached XP level 2. HP: 27/27 MP: 1/1
   481 | D:1      | Found a faded altar of an unknown god.
   701 | D:2      | Reached skill level 1 in Dodging
  1032 | D:2      | Reached XP level 3. HP: 32/33 MP: 2/2
  1177 | D:2      | You fall into a shaft and drop 2 floors!
  1532 | D:2      | Reached XP level 4. HP: 40/40 MP: 3/3
  1939 | D:3      | Found a blossoming altar of Fedhas.
  1940 | D:3      | Found a broken altar of Ashenzari.
  2107 | D:3      | Found a runed translucent door.
  2112 | D:3      | Noticed bronco's ghost (amateur HuFi)
  2113 | D:3      | Noticed a scorpion
  2156 | D:4      | Noticed a scorpion
  2428 | D:5      | Entered Level 5 of the Dungeon
  2479 | D:5      | Noticed a necrophage
  2490 | D:5      | Killed a necrophage
  2491 | D:5      | Reached XP level 5. HP: 42/47 MP: 4/4
  2524 | D:5      | Noticed a necrophage
  2529 | D:5      | Killed a necrophage
  2530 | D:5      | Reached skill level 5 in Fighting
  2530 | D:5      | Reached skill level 5 in Armour
  2530 | D:5      | Reached skill level 5 in Shields
  2530 | D:5      | Reached XP level 6. HP: 53/56 MP: 5/5
  2633 | D:5      | Found a glowing drain.
  2648 | Sewer    | Entered a sewer
  3370 | Sewer    | HP: 2/56 [kobold brigand (3)]
  3371 | Sewer    | Slain by a kobold brigand

Illustrated notes

Levels and vault maps discovered:
D:1:      tarquinn_simple_flora_water_d, layout_rooms,
          dreamdust_ecumenical_altar_statues
D:2:      cheibrodos_fertilizer, layout_rooms
D:3:      layout_rooms, mainiacjoe_overflow_divided_tiny,
          ebering_ghost_inner_flame
D:4:      layout_loops_ring
D:5:      layout_basic, mainiacjoe_overflow_24_doors,
          minmay_temple_entry_poolview, gup_sewer_entry_pipe, roderic_lattice_a
Sewer:    sewer_co_tree

Skill      XL: |  1  2  3  4  5  6 |
---------------+-------------------+-----
Armour         | 4 5 |  5.4
Dodging        | 1 3 4 |  4.3
Fighting       | 4 5 |  5.4
Shields        | 4 5 |  5.4
Polearms       | |  2.4

Action                   |  1- 3 |  4- 6 || total
-------------------------+-------+-------++-------
Melee: Trident           |    90 |    17 ||   107
       Headbutt          |    12 |    14 ||    26
       Long sword        |       |   110 ||   110
Armor: Scale mail        |    52 |    41 ||    93
Dodge: Dodged            |    52 |    35 ||    87
Block: Kite shield       |    57 |    67 ||   124
       Rpst.: Long sword |       |     8 ||     8
